General information
- name: BNet
- type: Ladder team game (AT/RT)
- host: Battle.net
- saver: REEEEEEEEEEE
map: GolemsInTheMist
- players: 8
- length: 22:11
- speed: Fast
- version: 1.28 W3XP
- replay type: Public
» download(255 KB)
Players
team 1 (winner)

»
TermsAgreement (
yellow | 98 APM | 2167 actions | 22:10)
5 Blood Mage
3 Flame Strike
1 Banish
1 Siphon Mana
4 Paladin
2 Holy Light
1 Divine Shield
1 Devotion Aura
» actions
| Assign group hotkey | 32 | |
| Basic commands | 8 | |
| Build / train | 91 | |
| Enter build submenu | 34 | |
| Enter hero's abilities submenu | 9 | |
| Give item / drop item | 1 | |
| Right click | 1246 | |
| Select / deselect | 319 | |
| Select group hotkey | 326 | |
| Use ability | 101 | |
2167 total
» units
| Peasant | 14 | |
| Mortar Team | 12 | |
| Goblin Shredder | 1 | |
| Siege Engine | 3 | |
30 total
» upgrades
| Masonry | 2 | |
| Gunpowder | 2 | |
| Armor | 1 | |
| Fragmentation Shards | 1 | |
| Lumber Harvesting | 1 | |
| Flare | 1 | |
| Barrage | 1 | |
9 total
» buildings
| Farm | 17 | |
| Altar of Kings | 1 | |
| Scout Tower | 2 | |
| Arcane Vault | 1 | |
| Lumber Mill | 2 | |
| Arcane Tower | 3 | |
| Town Hall | 1 | |
| Keep | 2 | |
| Blacksmith | 1 | |
| Workshop | 5 | |
| Castle | 2 | |
37 total
» build order
00:22 Farm
00:25 Altar of Kings
00:56 Farm
01:27 Scout Tower
01:39 Arcane Vault
01:53 Lumber Mill
01:56 Lumber Mill
02:04 Arcane Tower
02:04 Arcane Tower
03:03 Farm
04:19 Farm
04:43 Town Hall
05:00 Scout Tower
05:03 Keep
05:04 Keep
05:08 Blacksmith
05:28 Arcane Tower
07:54 Workshop
07:58 Workshop
08:17 Castle
08:17 Castle
11:39 Workshop
11:42 Workshop
13:01 Farm
13:01 Farm
13:02 Farm
13:03 Farm
13:39 Farm
17:41 Farm
17:41 Farm
17:41 Farm
17:42 Farm
18:25 Workshop
18:25 Farm
18:28 Farm
18:28 Farm
18:29 Farm
» items
| Lesser Clarity Potion | 5 | |
| Mechanical Critter | 1 | |
| Scroll of Town Portal | 7 | |
| Scroll of Regeneration | 4 | |
| Potion of Healing | 5 | |
| Potion of Mana | 2 | |
| Orb of Fire | 2 | |
26 total
Sunofthebeach (
green | 44 APM | 970 actions | 22:10)
4 Blood Mage
2 Flame Strike
2 Siphon Mana
1 Archmage
1 Blizzard
» actions
| Assign group hotkey | 6 | |
| Basic commands | 29 | |
| Build / train | 79 | |
| Enter build submenu | 43 | |
| Enter hero's abilities submenu | 5 | |
| Give item / drop item | 1 | |
| Right click | 328 | |
| Select / deselect | 379 | |
| Select group hotkey | 13 | |
| Use ability | 87 | |
970 total
» units
| Peasant | 17 | |
| Footman | 6 | |
| Goblin Shredder | 1 | |
| Rifleman | 8 | |
| Goblin Sapper | 3 | |
| Siege Engine | 2 | |
| Knight | 2 | |
39 total
» upgrades
| Defend | 1 | |
| Masonry | 2 | |
| Long Rifles | 1 | |
| Barrage | 1 | |
| Plating | 1 | |
| Gunpowder | 1 | |
| Armor | 1 | |
8 total
» buildings
| Farm | 9 | |
| Barracks | 3 | |
| Lumber Mill | 1 | |
| Scout Tower | 13 | |
| Altar of Kings | 2 | |
| Arcane Tower | 2 | |
| Arcane Vault | 2 | |
| Blacksmith | 2 | |
| Town Hall | 1 | |
| Keep | 1 | |
| Guard Tower | 8 | |
| Castle | 1 | |
| Workshop | 2 | |
| Arcane Sanctum | 1 | |
48 total
» build order
00:36 Farm
00:50 Farm
01:04 Barracks
01:20 Lumber Mill
01:27 Scout Tower
01:39 Altar of Kings
01:56 Arcane Tower
02:04 Farm
02:56 Barracks
03:02 Farm
03:23 Arcane Vault
03:29 Blacksmith
05:39 Town Hall
05:43 Farm
05:45 Farm
05:49 Scout Tower
05:58 Scout Tower
06:00 Scout Tower
07:03 Keep
07:06 Guard Tower
07:09 Guard Tower
07:15 Farm
07:18 Farm
07:56 Guard Tower
07:57 Guard Tower
08:47 Scout Tower
08:49 Scout Tower
12:13 Scout Tower
12:39 Arcane Vault
12:46 Barracks
12:58 Guard Tower
13:03 Scout Tower
13:31 Guard Tower
13:33 Scout Tower
13:42 Altar of Kings
13:49 Farm
14:01 Arcane Tower
14:03 Scout Tower
15:52 Castle
15:53 Guard Tower
16:12 Workshop
19:47 Scout Tower
20:03 Blacksmith
20:05 Scout Tower
20:28 Scout Tower
20:34 Workshop
20:37 Arcane Sanctum
20:38 Guard Tower
» items
| Scroll of Regeneration | 3 | |
| Potion of Mana | 2 | |
| Potion of Healing | 2 | |
| Scroll of Town Portal | 4 | |
| Orb of Fire | 1 | |
12 total
Shmurda (
orange | 142 APM | 3156 actions | 22:10)
5 Mountain King
2 Storm Bolt
1 Bash
2 Thunder Clap
4 Paladin
2 Holy Light
2 Divine Shield
» actions
| Assign group hotkey | 66 | |
| Basic commands | 168 | |
| Build / train | 98 | |
| ESC pressed | 5 | |
| Enter build submenu | 39 | |
| Enter hero's abilities submenu | 9 | |
| Give item / drop item | 5 | |
| Right click | 1123 | |
| Select / deselect | 468 | |
| Select group hotkey | 1041 | |
| Use ability | 133 | |
3156 total
» units
| Peasant | 17 | |
| Footman | 5 | |
| Sorceress | 4 | |
| Priest | 4 | |
| Knight | 10 | |
40 total
» upgrades
| Masonry | 1 | |
| Defend | 1 | |
| Sorceress Training | 2 | |
| Priest Training | 2 | |
| Animal War Training | 1 | |
| Swords | 1 | |
| Plating | 1 | |
9 total
» buildings
| Altar of Kings | 1 | |
| Farm | 12 | |
| Barracks | 2 | |
| Scout Tower | 10 | |
| Arcane Tower | 2 | |
| Lumber Mill | 1 | |
| Keep | 1 | |
| Arcane Vault | 1 | |
| Blacksmith | 1 | |
| Castle | 1 | |
| Arcane Sanctum | 2 | |
| Town Hall | 2 | |
| Guard Tower | 5 | |
| Workshop | 2 | |
43 total
» build order
00:07 Altar of Kings
00:22 Farm
00:24 Barracks
00:50 Farm
01:48 Farm
01:49 Scout Tower
02:24 Arcane Tower
02:24 Arcane Tower
02:34 Lumber Mill
03:53 Farm
03:57 Keep
04:51 Arcane Vault
04:59 Blacksmith
05:36 Farm
05:59 Farm
07:15 Scout Tower
07:15 Scout Tower
07:16 Scout Tower
07:16 Scout Tower
07:47 Castle
07:52 Barracks
07:55 Arcane Sanctum
07:56 Arcane Sanctum
10:32 Farm
12:49 Farm
12:50 Farm
12:53 Farm
12:53 Farm
13:15 Farm
13:55 Town Hall
13:58 Scout Tower
13:58 Scout Tower
13:59 Scout Tower
14:04 Town Hall
14:26 Guard Tower
15:26 Guard Tower
15:26 Guard Tower
15:26 Guard Tower
15:29 Scout Tower
15:30 Scout Tower
19:26 Guard Tower
20:07 Workshop
20:08 Workshop
» items
| Lesser Clarity Potion | 8 | |
| Scroll of Regeneration | 7 | |
| Staff of Sanctuary | 1 | |
| Scroll of Town Portal | 3 | |
| Potion of Healing | 1 | |
| Potion of Mana | 1 | |
21 total
REEEEEEEEEEE (
blue | 31 APM | 690 actions | 22:11)
» actions
| Assign group hotkey | 2 | |
| Basic commands | 12 | |
| Build / train | 62 | |
| Enter build submenu | 43 | |
| Remove unit from queue | 2 | |
| Right click | 186 | |
| Select / deselect | 341 | |
| Select group hotkey | 1 | |
| Use ability | 41 | |
690 total
» units
| Peasant | 12 | |
| Siege Engine | 10 | |
| Mortar Team | 2 | |
24 total
» upgrades
| Masonry | 3 | |
| Lumber Harvesting | 2 | |
| Magic Sentry | 1 | |
| Gunpowder | 3 | |
| Plating | 3 | |
| Fragmentation Shards | 1 | |
| Flak Cannons | 1 | |
| Flying Machine Bombs | 1 | |
| Barrage | 1 | |
| Flare | 1 | |
| Armor | 2 | |
19 total
» buildings
| Altar of Kings | 1 | |
| Barracks | 1 | |
| Farm | 9 | |
| Scout Tower | 16 | |
| Lumber Mill | 2 | |
| Arcane Tower | 5 | |
| Blacksmith | 1 | |
| Guard Tower | 9 | |
| Keep | 1 | |
| Arcane Vault | 1 | |
| Castle | 1 | |
| Arcane Sanctum | 1 | |
| Workshop | 3 | |
| Gryphon Aviary | 2 | |
53 total
» build order
00:38 Altar of Kings
00:40 Barracks
00:53 Farm
00:56 Farm
01:06 Farm
01:40 Farm
01:59 Scout Tower
02:23 Lumber Mill
02:27 Arcane Tower
02:35 Scout Tower
02:36 Scout Tower
02:39 Scout Tower
02:42 Scout Tower
02:46 Scout Tower
02:49 Scout Tower
02:52 Scout Tower
02:58 Scout Tower
03:18 Blacksmith
03:28 Guard Tower
03:34 Guard Tower
03:43 Guard Tower
04:20 Keep
04:25 Guard Tower
04:32 Guard Tower
04:38 Guard Tower
04:48 Guard Tower
05:03 Arcane Vault
05:16 Lumber Mill
05:21 Scout Tower
05:22 Scout Tower
05:23 Scout Tower
05:24 Scout Tower
06:03 Guard Tower
06:05 Arcane Tower
06:13 Farm
06:16 Farm
06:24 Farm
06:27 Farm
06:32 Farm
07:19 Castle
07:53 Arcane Sanctum
08:02 Workshop
08:20 Workshop
08:28 Scout Tower
08:31 Scout Tower
08:36 Gryphon Aviary
08:41 Scout Tower
09:00 Gryphon Aviary
09:24 Arcane Tower
09:24 Arcane Tower
09:25 Arcane Tower
09:35 Guard Tower
16:46 Workshop
team 2 (loser)
Nightstalker (
red | 70 APM | 1558 actions | 22:10)
4 Warden
2 Fan of Knives
1 Blink
1 Shadow Strike
2 Priestess of the Moon
1 Trueshot Aura
1 Searing Arrows
» actions
| Assign group hotkey | 43 | |
| Build / train | 88 | |
| Enter build submenu | 19 | |
| Enter hero's abilities submenu | 6 | |
| Give item / drop item | 4 | |
| Remove unit from queue | 4 | |
| Right click | 492 | |
| Select / deselect | 340 | |
| Select group hotkey | 482 | |
| Use ability | 80 | |
1558 total
» units
| Wisp | 23 | |
| Archer | 17 | |
| Druid of the Talon | 2 | |
| Mountain Giant | 2 | |
| Dryad | 3 | |
| Hippogryph | 5 | |
52 total
» upgrades
| Improved Bows | 1 | |
| Reinforced Hides | 3 | |
| Druid of the Talon Training | 2 | |
| Strength of the Wild | 1 | |
| Hardened Skin | 1 | |
| Resistant Skin | 1 | |
| Abolish Magic | 1 | |
| Mark of the Talon | 1 | |
| Marksmanship | 1 | |
| Hippogryph Taming | 1 | |
| Nature's Blessing | 1 | |
| Druid of the Claw Training | 2 | |
| Well Spring | 1 | |
| Strength of the Moon | 1 | |
18 total
» buildings
| Altar of Elders | 1 | |
| Moon Well | 8 | |
| Ancient of War | 1 | |
| Ancient of Wonders | 1 | |
| Tree of Ages | 1 | |
| Tree of Eternity | 1 | |
| Hunter's Hall | 1 | |
| Ancient of Wind | 1 | |
| Ancient of Lore | 2 | |
| Tree of Life | 1 | |
18 total
» build order
00:05 Altar of Elders
00:09 Moon Well
00:48 Ancient of War
01:26 Moon Well
02:09 Ancient of Wonders
03:25 Moon Well
03:51 Tree of Ages
06:59 Tree of Eternity
07:01 Moon Well
07:09 Moon Well
07:18 Hunter's Hall
08:12 Ancient of Wind
08:21 Ancient of Lore
08:25 Ancient of Lore
14:19 Tree of Life
20:03 Moon Well
20:04 Moon Well
20:06 Moon Well
» items
| Scroll of Town Portal | 2 | |
| Lesser Clarity Potion | 1 | |
3 total
Saboubou (
pink | 57 APM | 1257 actions | 22:00)
4 Demon Hunter
2 Mana Burn
2 Evasion
3 Priestess of the Moon
2 Trueshot Aura
1 Searing Arrows
» actions
| Assign group hotkey | 19 | |
| Basic commands | 3 | |
| Build / train | 64 | |
| Enter build submenu | 20 | |
| Enter hero's abilities submenu | 7 | |
| Remove unit from queue | 4 | |
| Right click | 786 | |
| Select / deselect | 262 | |
| Select group hotkey | 38 | |
| Use ability | 54 | |
1257 total
» units
| Wisp | 15 | |
| Archer | 6 | |
| Huntress | 2 | |
| Dryad | 11 | |
| Mountain Giant | 1 | |
| Chimaera | 2 | |
37 total
» upgrades
| Strength of the Wild | 3 | |
| Reinforced Hides | 2 | |
| Abolish Magic | 1 | |
| Hardened Skin | 1 | |
| Resistant Skin | 1 | |
8 total
» buildings
| Altar of Elders | 1 | |
| Moon Well | 7 | |
| Ancient of War | 1 | |
| Tree of Ages | 1 | |
| Hunter's Hall | 1 | |
| Ancient of Lore | 2 | |
| Ancient of Wonders | 1 | |
| Tree of Eternity | 1 | |
| Ancient of Wind | 1 | |
| Chimaera Roost | 2 | |
| Tree of Life | 1 | |
19 total
» build order
00:15 Altar of Elders
00:26 Moon Well
00:48 Ancient of War
01:31 Moon Well
03:41 Tree of Ages
03:46 Moon Well
03:50 Hunter's Hall
04:48 Moon Well
05:43 Moon Well
06:15 Ancient of Lore
07:08 Ancient of Wonders
07:12 Ancient of Lore
08:06 Tree of Eternity
12:10 Moon Well
13:13 Ancient of Wind
13:18 Moon Well
18:17 Chimaera Roost
18:22 Chimaera Roost
19:23 Tree of Life
» items
| Scroll of Town Portal | 2 | |
| Potion of Healing | 2 | |
4 total

»
Forado (
purple | 60 APM | 1314 actions | 21:43)
4 Tauren Chieftain
2 War Stomp
2 Endurance Aura
» actions
| Assign group hotkey | 20 | |
| Build / train | 96 | |
| Enter build submenu | 15 | |
| Enter hero's abilities submenu | 4 | |
| Give item / drop item | 1 | |
| Remove unit from queue | 2 | |
| Right click | 754 | |
| Select / deselect | 301 | |
| Select group hotkey | 67 | |
| Use ability | 54 | |
1314 total
» units
| Peon | 15 | |
| Troll Headhunter/Berserker | 38 | |
| Goblin Shredder | 2 | |
| Troll Witch Doctor | 4 | |
| Shaman | 2 | |
| Demolisher | 3 | |
64 total
» upgrades
| Ranged Weapons | 3 | |
| Spiked Barricades | 2 | |
| Troll Regeneration | 1 | |
| Berserker Upgrade | 1 | |
| Witch Doctor Training | 2 | |
| Shaman Training | 2 | |
| Burning Oil | 1 | |
12 total
» buildings
| Orc Burrow | 6 | |
| War Mill | 1 | |
| Barracks | 2 | |
| Altar of Storms | 1 | |
| Voodoo Lounge | 1 | |
| Stronghold | 1 | |
| Fortress | 1 | |
| Great Hall | 1 | |
| Spirit Lodge | 1 | |
| Beastiary | 1 | |
16 total
» build order
00:21 Orc Burrow
01:08 War Mill
01:16 Orc Burrow
01:20 Barracks
01:33 Altar of Storms
01:56 Voodoo Lounge
02:15 Orc Burrow
05:17 Orc Burrow
05:22 Barracks
06:07 Stronghold
07:13 Orc Burrow
08:02 Orc Burrow
08:40 Fortress
09:51 Great Hall
10:13 Spirit Lodge
18:06 Beastiary
» items
| Healing Salve | 2 | |
| Lesser Clarity Potion | 4 | |
| Scroll of Speed | 2 | |
| Orb of Lightning | 1 | |
| Scroll of Town Portal | 1 | |
10 total

»
nickyx (
teal | 75 APM | 1637 actions | 21:45)
3 Blood Mage
1 Flame Strike
2 Siphon Mana
» actions
| Assign group hotkey | 24 | |
| Basic commands | 2 | |
| Build / train | 78 | |
| Enter build submenu | 24 | |
| Enter hero's abilities submenu | 3 | |
| Right click | 730 | |
| Select / deselect | 407 | |
| Select group hotkey | 319 | |
| Use ability | 50 | |
1637 total
» units
| Peasant | 19 | |
| Footman | 3 | |
| Rifleman | 12 | |
| Sorceress | 3 | |
| Priest | 1 | |
| Flying Machine | 15 | |
53 total
» upgrades
| Gunpowder | 2 | |
| Lumber Harvesting | 1 | |
| Priest Training | 2 | |
| Sorceress Training | 2 | |
| Long Rifles | 1 | |
| Armor | 1 | |
| Flying Machine Bombs | 1 | |
| Flak Cannons | 1 | |
| Fragmentation Shards | 1 | |
| Flare | 1 | |
13 total
» buildings
| Farm | 11 | |
| Altar of Kings | 1 | |
| Barracks | 2 | |
| Scout Tower | 2 | |
| Arcane Vault | 1 | |
| Arcane Tower | 1 | |
| Town Hall | 1 | |
| Blacksmith | 1 | |
| Lumber Mill | 1 | |
| Keep | 1 | |
| Arcane Sanctum | 2 | |
| Castle | 1 | |
| Workshop | 3 | |
28 total
» build order
00:09 Farm
00:15 Altar of Kings
00:42 Farm
00:55 Barracks
01:36 Farm
02:11 Scout Tower
02:18 Arcane Vault
02:39 Arcane Tower
02:45 Farm
03:30 Farm
03:33 Farm
03:58 Town Hall
04:08 Blacksmith
05:21 Lumber Mill
05:48 Keep
07:53 Farm
08:24 Arcane Sanctum
08:28 Arcane Sanctum
09:00 Farm
09:53 Barracks
10:05 Scout Tower
11:29 Castle
12:07 Farm
12:08 Farm
12:09 Farm
12:50 Workshop
12:51 Workshop
13:25 Workshop
» items
| Scroll of Regeneration | 1 | |
| Potion of Healing | 1 | |
| Scroll of Town Portal | 1 | |
| Potion of Mana | 1 | |
4 total
Chat log
(00:11 / Allies) TermsAgreement: blue, hero?
(00:23 / Allies) REEEEEEEEEEE: panda
(00:29 / Allies) TermsAgreement: k me bm then
(00:30 / Allies) Sunofthebeach: miaou
(00:41 / Allies) TermsAgreement: morts mass aoe
(00:57 / Allies) Shmurda: i go knights casters
(04:36 / Allies) Sunofthebeach: b
(05:14 / Allies) TermsAgreement: meet
(05:14 / Allies) TermsAgreement: go
(05:37 / Allies) REEEEEEEEEEE: omw
(05:38 / Allies) TermsAgreement: dont let them expand
(05:42 / Allies) TermsAgreement: move
(07:42 / Allies) Shmurda: b
(09:33 / Allies) REEEEEEEEEEE: tp guys
(10:41 / Allies) Shmurda: tp
(10:42 / Allies) Shmurda: all
(11:47 / All) Sunofthebeach: Go playb tetris useless shits
(11:56 / Allies) TermsAgreement: blue useless
(13:13 / Allies) TermsAgreement: blue
(13:15 / Allies) TermsAgreement: fucking hell
(13:19 / Allies) TermsAgreement: 17 food
(13:49 / Allies) TermsAgreement: come orange
(15:00 / Allies) REEEEEEEEEEE: back brothres
(15:00 / Allies) REEEEEEEEEEE: out
(15:02 / Allies) REEEEEEEEEEE: b
(15:03 / Allies) REEEEEEEEEEE: b
(15:03 / Allies) REEEEEEEEEEE: b
(15:04 / Allies) REEEEEEEEEEE: b
(15:04 / Allies) REEEEEEEEEEE: b
(15:05 / Allies) Shmurda: nice
(15:05 / Allies) REEEEEEEEEEE: b
(15:10 / Allies) Shmurda: well done
(15:16 / Allies) TermsAgreement: yeah
(15:19 / Allies) TermsAgreement: blue still useless
(15:20 / Allies) TermsAgreement: 2v4
(15:50 / Allies) TermsAgreement: 2.5k gold
(15:51 / Allies) TermsAgreement: no use
(18:13 / Allies) Shmurda: woow
(20:12 / Allies) Shmurda: tabks ?
(20:15 / Allies) TermsAgreement: coming
(20:51 / All) REEEEEEEEEEE: CHOO CHOO
(20:54 / All) REEEEEEEEEEE: CHOO CHOO
(21:01 / Allies) REEEEEEEEEEE: come to me big daddy
(21:53 / All) REEEEEEEEEEE: get raped newbies